 Dungeon Sprint DCSS version 0.31-a0-1591-g515db51633 (webtiles) character file.

Game seed: 10563013841882811935

1411 Conn the Arsonist (level 8, 0/78 HPs)
             Began as an Octopode Fire Elementalist on Jan 6, 2024.
             Was a Follower of Sif Muna.
             Succumbed to a death drake's dark miasma
             ... in the Dungeon (Sprint II: "The Violet Keep of Menkaure").
             The game lasted 00:05:51 (530 turns).

Conn the Arsonist (Octopode Fire Elementalist)       Turns: 530, Time: 00:05:52

Health: 0/78       AC: 28    Str: 10    XL:     8   Next: 70%
Magic:  10/29      EV:  2    Int: 20    God:    Sif Muna [*.....]
Gold:   137        SH:  0    Dex:  9    Spells: 10/24 levels left

rFire   + . .        c - +10 halberd "Ystripn" {heavy, rC+ MP+9 Str+3 Dex-3}
rCold   + + .        (shield currently unavailable)
rNeg    . . .        (helmet currently unavailable)
rPois   +            (no amulet)
rElec   +            m - ring of willpower
rCorr   +            r - +4 ring of protection
SInv    .            (no ring)
Will    ++...        (no ring)
Stlth   +++          (no ring)
HPRegen 0.33/turn    (no ring)
MPRegen 0.21/turn    (no ring)
                     (no ring)

%: no teleportation
@: lethally poisoned (0 -> -20), tree-form, resistant, enlightened, very slow
A: stationary, stasis, torment immunity, boosted hp, almost no armour,
(amphibious), 8 rings, (camouflage 1), (gelatinous body 1), (nimble swimmer 1),
(tentacles)
a: Renounce Religion, Channel Magic


You were in the Dungeon.
You worshipped Sif Muna.
Sif Muna was aware of your devotion.
You were a tree.
You visited 1 branch You collected 380 gold pieces.
You spent 243 gold pieces at shops.

Inventory:

Hand Weapons
 c - the +10 halberd "Ystripn" (weapon) {heavy, rC+ MP+9 Str+3 Dex-3}
   (You bought it in a shop in the Dungeon)

   Str+3:     It affects your strength (+3).
   Dex-3:     It affects your dexterity (-3).
   rC+:       It protects you from cold.
   MP+9:      It affects your magic capacity (+9).
Missiles
 w - 4 poisoned darts
Armour
 x - an orb of wrath
Magical Staves
 e - a staff of air
Jewellery
 i - a ring of ice
 m - a ring of willpower (left branch)
 r - a +4 ring of protection (right branch)
Scrolls
 f - 3 scrolls of blinking
 g - 8 scrolls of identify {unknown}
 h - 2 scrolls of vulnerability {unknown}
 l - 2 scrolls of fear {unknown}
 p - a scroll of fog {unknown}
 t - 2 scrolls of enchant weapon {unknown}
 u - a scroll of amnesia {unknown}
 v - 2 scrolls of revelation {unknown}
Potions
 a - 6 potions of magic
 d - 2 potions of lignification
 j - 2 potions of resistance
 k - 2 potions of enlightenment
 o - a potion of cancellation {unknown}
 q - a potion of mutation {unknown}
 s - a potion of might {unknown}


   Skills:
 + Level 3.1 Fighting
 + Level 3.1 Polearms
 + Level 6.6 Dodging
 - Level 5.0 Stealth
 - Level 1.5 Unarmed Combat
 * Level 8.5 Spellcasting
 * Level 8.4 Conjurations
 + Level 3.1 Hexes
 * Level 4.1 Summonings
 * Level 4.1 Necromancy
 + Level 8.5 Fire Magic
 * Level 4.5 Invocations


You had 10 spell levels left.
You knew the following spells:

 Your Spells              Type           Power      Damage    Failure   Level
a - Foxfire               Conj/Fire      100%       2x1d9     1%          1
b - Scorch                Fire           84%        2d8       1%          2
c - Inner Flame           Hex/Fire       31%        N/A       2%          3
d - Flame Wave            Conj/Fire      42%        2d11      2%          4
e - Martyr's Knell        Necr/Summ      25%        N/A       14%         4

Your spell library contained the following spells:

 Spells                   Type           Power      Damage    Failure   Level
 Necrotise                Necr           100%       1d9       1%          1
 Vampiric Draining        Necr           25%        2d7       4%          3
 Volatile Blastmotes      Fire/Tloc      50%        2d14      4%          3
 Curse of Agony           Necr           25%        N/A       38%         5


Dungeon Overview and Level Annotations

Branches:
Dungeon (1/1)

Altars:
Cheibriados
Dithmenos
Elyvilon
Fedhas
Gozag
Hepliaklqana
Kikubaaqudgha
Makhleb
Nemelex Xobeh
Okawaru
Qazlal
Ru
Sif Muna
Trog
Uskayaw
Vehumet
Wu Jian
Xom
Yredelemnul
Zin
The Shining One
Jiyva
Lugonu

Shops:
D !:!=?:([(?=![![

Annotations:
D exclusions: oklob plant and orange crystal statue


Innate Abilities, Weirdness & Mutations

You are a tree.
Your roots penetrate the ground, keeping you stationary.
You cannot be teleported.
You are immune to unholy pain and torment.
Your maximum health is greatly increased.
You cannot wear most types of armour.
((You are amphibious.))
You can wear up to eight rings at the same time.
((Your skin changes colour to match your surroundings (Stealth+).))
((Your rubbery body absorbs attacks. (AC +1, EV +1)))
((You are camouflaged when in or above water. (Stealth+)))
((You have tentacles for arms and can constrict up to eight enemies at once.))


Message History

a polar bear corpse; a swamp drake corpse You are engulfed in a cloud of scalding steam.
* * * LOW HITPOINT WARNING * * *
The death drake is engulfed in a cloud of scalding steam.
You turn into a tree.
Your roots penetrate the ground.
It was a potion of resistance.
You feel protected.
The death drake hisses angrily.
It was a potion of enlightenment.
Your roots keep you in place.
Okay, then.
Unknown command.
Casting: Foxfire (safe; 1% risk of failure)
Confirm with . or Enter, or press ? or * to list all spells.
Flames lash the death drake.
The death drake is lightly wounded.
The death drake's fire resistance burns away.
The death drake is engulfed in a cloud of scalding steam.
The death drake breathes miasma at you.
The foul vapour engulfs you but does no damage.
Unknown command.
Casting: Scorch (safe; 1% risk of failure)
Confirm with . or Enter, or press ? or * to list all spells.
Flames lash the death drake.
The death drake is burned terribly!
The death drake is moderately wounded.
You are engulfed in dark miasma.
The death drake is engulfed in a cloud of scalding steam.
Unknown command.
Casting: Scorch (safe; 1% risk of failure)
Confirm with . or Enter, or press ? or * to list all spells.
Casting: Flame Wave (dangerous; 2% risk of failure)
Press: ? - help, Dir - look around, f - activate A wave of flame ripples out!
The flame wave engulfs the death drake!!
The death drake is burned terribly!
The death drake is severely wounded. (Press . to intensify the flame waves.)
You are engulfed in dark miasma.
You are lethally poisoned!
* * * LOW HITPOINT WARNING * * *
You die...

#°°▓.......[▓▓ ####
+.####°)▓..[()...▓▓ ...#
.^.####▓........▓▓ ..## #..#
h#▓...[..(.▓▓ #..# +^.#
y#▓......(.▓▓ #..# #..#
.#▓[..[....▓▓
+..####..##.#▓)..)...[▓▓
#....###...##▓▓▓▓▓▓▓°▓▓▓▓+▓
##......~~~)~~§k♣°°°°°°°X≈≈▓
#~~..§..~#'########+###°≈≈≈▓
~~~~~§..~#_._._...#l~~##≈≈≈▓
~~§~~~~.§#._._._._#l§≈§####▓
~≈§≈~~~~~#_._._._.#~§§§≈#
~§≈≈≈§~~~#._._._._#~§~≈≈§
~≈≈≈§§≈§~#.._._._.#~§~~~§
#≈≈§###≈≈#..._._._#§~§~≈l
##≈≈# #§≈#...._._.#~~≈§


You could see a death drake (combustible) and 2 crocodiles.

Vanquished Creatures
  A yaktaur (D)
  2 polar bears (D)
  A hornet (D)
  Menkaure (D)
  A crocodile (D)
  4 necrophages (D)
  A scorpion (D)
11 creatures vanquished.

Vanquished Creatures (others)
  A swamp drake (D)
  20 foxfires (D)
  8 tentacles (D)
29 creatures vanquished.

Grand Total: 40 creatures vanquished

Notes
Turn   | Place    | Note
-------+----------+-------------------------------------------
     0 | D        | Conn the Octopode Fire Elementalist began the quest for the
                  | Orb.
     0 | D        | Reached XP level 1. HP: 11/11 MP: 3/3
     1 | D        | Noticed a necrophage
     1 | D        | Noticed a necrophage
     1 | D        | Noticed a necrophage
     1 | D        | Noticed a necrophage
    11 | D        | Killed a necrophage
    12 | D        | Reached skill level 1 in Unarmed Combat
    12 | D        | Reached XP level 2. HP: 12/17 MP: 3/6
    12 | D        | Reached XP level 3. HP: 15/21 MP: 4/8
    12 | D        | Reached XP level 4. HP: 20/27 MP: 4/9
    15 | D        | Killed a necrophage
    16 | D        | Reached skill level 5 in Stealth
    16 | D        | Reached XP level 5. HP: 24/31 MP: 4/11
    21 | D        | Reached skill level 5 in Spellcasting
    28 | D        | Reached skill level 5 in Dodging
    28 | D        | Reached skill level 5 in Conjurations
    28 | D        | Reached XP level 6. HP: 35/36 MP: 3/15
    34 | D        | Learned a level 2 spell: Scorch
    38 | D        | Learned a level 3 spell: Inner Flame
    43 | D        | Learned a level 4 spell: Flame Wave
    49 | D        | Found Atasm's Antique Armour Emporium.
    49 | D        | Found Mulash's Antique Armour Emporium.
    49 | D        | Found Citaedim's Antique Weapon Shoppe.
    49 | D        | Found Utetrus's Distillery.
    49 | D        | Found Fusokh's Distillery.
    49 | D        | Found Ythob's Jewellery Emporium.
    49 | D        | Found Suennasm's Antique Armour Shoppe.
    50 | D        | Found Quebaf's Antique Weapon Emporium.
    50 | D        | Found Taena's Book Shoppe.
    50 | D        | Found Gagey's Magic Scroll Shoppe.
    51 | D        | Found Ofoettee's Magic Scroll Emporium.
    52 | D        | Found Moal's Jewellery Shoppe.
    52 | D        | Found Zecvet's Distillery.
    52 | D        | Noticed Menkaure
    52 | D        | Noticed an oklob plant
    58 | D        | Killed Menkaure
    60 | D        | Found Jootestru's Distillery.
    60 | D        | Found Nuklaigo's Book Shoppe.
    62 | D        | Noticed an iron elemental
    64 | D        | Noticed a black bear
    64 | D        | Noticed a black bear
    66 | D        | Bought a translucent halberd for 207 gold pieces
    66 | D        | Identified the +10 halberd "Ystripn" {heavy, rC+ MP+9 Str+3
                  | Dex-3} (You bought it in a shop in the Dungeon)
    68 | D        | Noticed a black bear
    75 | D        | Bought a potion of lignification for 36 gold pieces
    85 | D        | Reached skill level 1 in Fighting
    85 | D        | Reached skill level 1 in Polearms
    85 | D        | Reached skill level 1 in Hexes
    85 | D        | Reached XP level 7. HP: 43/43 MP: 5/17
   109 | D        | Noticed an orange crystal statue
   118 | D        | Found an iron altar of Okawaru.
   118 | D        | Found an opulent altar of Gozag.
   119 | D        | Found a sparkling altar of Nemelex Xobeh.
   119 | D        | Found a blossoming altar of Fedhas.
   120 | D        | Found a radiant altar of Vehumet.
   120 | D        | Found a burning altar of Makhleb.
   120 | D        | Found a white marble altar of Elyvilon.
   121 | D        | Found a hide-covered altar of Uskayaw.
   121 | D        | Found a corrupted altar of Lugonu.
   121 | D        | Found a shadowy altar of Dithmenos.
   122 | D        | Found a glowing silver altar of Zin.
   122 | D        | Found a bloodstained altar of Trog.
   122 | D        | Found an ancient bone altar of Kikubaaqudgha.
   122 | D        | Found a snail-covered altar of Cheibriados.
   123 | D        | Found a basalt altar of Yredelemnul.
   123 | D        | Found a shimmering blue altar of Sif Muna.
   123 | D        | Found a viscous altar of Jiyva.
   124 | D        | Found a shimmering altar of Xom.
   124 | D        | Found a sacrificial altar of Ru.
   127 | D        | Found a glowing golden altar of the Shining One.
   127 | D        | Found an ornate altar of the Wu Jian Council.
   127 | D        | Found a stormy altar of Qazlal.
   127 | D        | Found a hazy altar of Hepliaklqana.
   135 | D        | Became a worshipper of Sif Muna the Loreminder
   149 | D        | Noticed a kraken
   156 | D        | Noticed a yaktaur
   156 | D        | Noticed a hornet
   156 | D        | Noticed a polar bear
   381 | D        | Learned a level 4 spell: Martyr's Knell
   384 | D        | Noticed a polar bear
   395 | D        | Killed a yaktaur
   395 | D        | Killed a polar bear
   396 | D        | Reached XP level 8. HP: 12/51 MP: 6/20
   400 | D        | Killed a hornet
   400 | D        | Reached * piety under Sif Muna
   517 | D        | Killed a polar bear
   521 | D        | Noticed a death drake
   530 | D        | Succumbed to a death drake's dark miasma

Illustrated notes

Levels and vault maps discovered:
D:        the_violet_keep_of_menkaure [sprint2_stairs_cluster_1,
          sprint2_shoproom, sprint2_temple, sprint2_basic_supplies,
          sprint2_obstacle_4, sprint2_obstacle_7, sprint2_obstacle_6,
          sprint2_obstacle_3, sprint2_obstacle_2, sprint2_timed_cluster_1,
          sprint2_smallroom_cluster_1, sprint2_smallroom_final_cluster_1,
          sprint2_transparent_cluster_1, sprint2_second_timed_cluster_1,
          sprint2_sniper_area_1, sprint2_heavy_combat_area_1,
          sprint2_mutation_trap_area_1, sprint2_forest_area_1,
          sprint2_light_combat_area_1, sprint2_behind_water_1,
          sprint2_near_end_vault_1]

Skill      XL: |  1  2  3  4  5  6  7  8 |
---------------+-------------------------+-----
Dodging        | 3 4 5 6 |  6.6
Stealth        | 4 5 |  5.0
Unarmed Combat | 1 |  1.5
Spellcasting   | 3 4 6 7 8 |  8.5
Fire Magic     | 6 7 8 |  8.5
Conjurations   | 3 5 7 8 |  8.4
Fighting       | 1 2 3 |  3.1
Polearms       | 1 2 3 |  3.1
Hexes          | 1 2 3 |  3.1
Summonings     | 3 4 |  4.1
Necromancy     | 3 4 |  4.1
Invocations    | 3 4 |  4.5

Action                     |  1- 3 |  4- 6 |  7- 9 || total
---------------------------+-------+-------+-------++-------
  Melee: Unarmed           |     8 |    12 |       ||    20
         Tentacles         |     1 |     5 |       ||     6
         Constrict         |     1 |     2 |       ||     3
         Halberd           |       |       |     2 ||     2
   Cast: Foxfire           |       |     8 |     6 ||    14
         Scorch            |       |       |     8 ||     8
         Inner Flame       |       |       |     3 ||     3
         Flame Wave        |       |       |     4 ||     4
    Use: Potion            |     2 |     1 |     7 ||    10
 Armour: Skin              |     2 |     5 |    36 ||    43
  Dodge: Dodged            |     3 |     9 |    22 ||    34

Table legend: (Time is in decaauts)
 A = Elapsed time spent in this place.
 B = Non-inter-level travel time spent in this place.
 C = Inter-level travel time spent in this place.
 D = Time resting spent in this place.
 E = Time spent auto-exploring this place.
 F = Levels seen in this place.
 G = Mean time per level.
                   A        B        C        D        E       F      G
               +--------+--------+--------+--------+--------+-----+--------+
         Total |    520 |    520 |      0 |    161 |      0 |   1 |  520.0 |
       Dungeon |    520 |    520 |      0 |    161 |      0 |   1 |  520.0 |
               +--------+--------+--------+--------+--------+-----+--------+

Top non-repeatable levels by time:
       D: 520 daAuts
